 Dungeon Crawl Stone Soup version 0.29-a0-284-gf9362112df (webtiles) character file.

Game seed: 14288138731255151611

86 NoSkeletonsAllowed the Grasshopper (level 4, -3/35 HPs)
             Began as a Palentonga Warper on Mar 21, 2022.
             Slain by an orc
             ... wielding a +0 flail
              (6 damage)
             ... on level 2 of the Dungeon.
             The game lasted 00:14:43 (3108 turns).

NoSkeletonsAllowed the Grasshopper (PaWr)           Turns: 3108, Time: 00:14:44

Health: -3/35      AC:  7    Str: 16    XL:     4   Next: 27%
Magic:  5/7        EV:  4    Int: 14    God:
Gold:   159        SH:  0    Dex:  9    Spells: 4/7 levels left

rFire   . . .      SeeInvis +     - Unarmed
rCold   . . .      Faith    .   (no shield)
rNeg    . . .      Spirit   .   d - +0 chain mail
rPois   .          Reflect  .   (no helmet)
rElec   .          Harm     .   (no cloak)
rCorr   .          Rampage  .   (no gloves)
Will    .....                   (no barding)
Stlth   ..........              (no amulet)
HPRegen 0.11/turn               (no ring)
MPRegen 0.10/turn               (no ring)

@: very slightly contaminated
A: large, rugged brown scales 3, see invisible, deformed body, roll 1, armoured
tail
a: Rolling Charge


You were on level 2 of the Dungeon.
You visited 1 branch of the dungeon, and saw 3 of its levels.

You collected 159 gold pieces.

Inventory:

Armour
 a - a +0 leather armour
 d - a +0 chain mail (worn)
Jewellery
 c - an amulet of faith
Scrolls
 b - a scroll of blinking
 g - a scroll of enchant weapon {unknown}
 h - a scroll of silence {unknown}
 i - a scroll of amnesia {unknown}
Potions
 e - a potion of magic {unknown}
 f - 2 potions of lignification {unknown}


   Skills:
 + Level 2.1 Fighting
 + Level 0.6 Throwing
 - Level 0.7 Armour
 - Level 2.1 Dodging
 - Level 0.1 Stealth
 * Level 3.5 Unarmed Combat
 * Level 2.1 Spellcasting
 + Level 3.5 Translocations


You had 4 spell levels left.
You knew the following spells:

 Your Spells              Type           Power      Damage    Failure   Level
a - Shock                 Conj/Air       4%         1d3       99%         1
b - Blink                 Tloc           22%        N/A       86%         2

Your spell library contained the following spells:

 Spells                   Type           Power      Damage    Failure   Level
 Gell's Gravitas          Tloc           11%        N/A       97%         3
 Lesser Beckoning         Tloc           11%        N/A       97%         3
 Teleport Other           Tloc           11%        N/A       97%         3
 Manifold Assault         Tloc           11%        N/A       100%        5


Dungeon Overview and Level Annotations

Branches:
Dungeon (3/15)

Altars:
Vehumet

Annotations:
D:3 Robin


Innate Abilities, Weirdness & Mutations

You are completely covered in rugged brown scales. (AC +3, +7% HP)
You have supernaturally acute eyesight. (SInv)
Armour fits poorly on your strangely shaped body.
You can roll at nearby foes to attack.
You have a long armoured tail.


Message History

The quokka attacks as you move away! The quokka bites you.
The rat attacks as you move away! The rat barely misses you.
The rat attacks as you move away! The rat completely misses you.
The rat attacks as you move away! The rat bites you but does no damage.
The quokka bites you but does no damage.
You hit the quokka.
You kill the quokka!
You hit the rat.
You kill the rat!
You see here a quokka corpse.
There is a stone staircase leading down here.
You climb downwards.
The hobgoblin shouts!
An orc comes into view. It is wielding a +0 whip.
The orc hits you with a +0 hand axe. The orc hits you with a +0 mace.
The orc hits you with a +0 flail!
The frilled lizard bites you but does no damage.
A hobgoblin comes into view.
The orc hits you but does no damage.
The frilled lizard unfolds its giant frill.
The frilled lizard bites you.
A goblin comes into view. It is wielding a +0 dagger.
The orc hits you but does no damage. The orc hits you with a +0 flail.
There is a stone staircase leading up here.
The hobgoblin shouts!
The goblin shouts!
The orc shouts!
You hear a shout!
The orc hits you but does no damage. The orc barely misses you.
The orc hits you with a +0 mace.
The gnoll hits you from afar with a +0 halberd.
* * * LOW HITPOINT WARNING * * *
The frilled lizard bites you.
* * * LOW HITPOINT WARNING * * *
You climb upwards.
There is a stone staircase leading down here.
Casting: Blink (quite dangerous; 86% risk of failure)
Confirm with . or Enter, or press ? or * to list all spells.
The spell is quite dangerous to miscast (86% risk of failure)!
Continue anyway?
You miscast Blink.
You are very lightly contaminated with residual magic.
Nothing appears to happen.
The orc hits you with a +0 flail.
You die...

.......######..........####
#.#
...................###.####
#.#
..........###.#..#.#......#
#.# ..........#
#........#.##.# #.#
'#........# ##...#.###.##.#
#.# .#........# #...#.#
#.##.# #.# .#........#
##..#.# #.##.# #.#
.#........# #.o#.. ..##.#
#.# .##'#####)#
##l@#####.##.# #.#
###.#####.####.oo....####.#
#.#
#...................†.##.#
#.#
########.##########.#.#..#
#.# #............#.#.## #.#
#########.)###.#.# #.# #..#
#.#.# #.# #..###.#.# #.#
#....#.#.# #.#


You could see 3 orcs and a frilled lizard.

Vanquished Creatures
  3 adders (D:2)
  2 adder skeletons (D:2)
  An adder zombie (D:2)
  A worm (D:2)
  A ball python (D:1)
  A bat (D:1)
  A bat skeleton (D:2)
  5 endoplasms
  2 giant cockroaches
  7 hobgoblins
  4 jackals (D:1)
  3 quokkas
  2 ball python skeletons (D:2)
  A ball python zombie (D:2)
  A giant cockroach zombie (D:2)
  2 goblins (D:2)
  4 kobolds
  A quokka zombie (D:2)
  4 rats
46 creatures vanquished.

Vanquished Creatures (others)
  14 withered plants (D:2)
14 creatures vanquished.

Grand Total: 60 creatures vanquished

Notes
Turn   | Place    | Note
-------+----------+-------------------------------------------
     0 | D:1      | NoSkeletonsAllowed the Palentonga Warper began the quest
                  | for the Orb.
     0 | D:1      | Reached XP level 1. HP: 17/17 MP: 3/3
   194 | D:1      | Found a faded altar of an unknown god.
   201 | D:1      | Prayed at the altar of an unknown god.
   201 | D:1      | Became a worshipper of Vehumet
   201 | D:1      | Reached * piety under Vehumet
   201 | D:1      | Offered knowledge of Shock by Vehumet.
   214 | D:1      | Learned a level 1 spell: Shock
   544 | D:1      | Reached XP level 2. HP: 23/23 MP: 5/5
  1615 | D:2      | Reached XP level 3. HP: 28/28 MP: 6/6
  1684 | D:2      | Fell from the grace of Vehumet
  2260 | D:2      | Reached XP level 4. HP: 22/35 MP: 7/7
  2405 | D:2      | Learned a level 2 spell: Blink
  3106 | D:3      | Noticed Robin
  3108 | D:2      | Slain by an orc

Illustrated notes

Levels and vault maps discovered:
D:1:      heliophobic_arrival_enchanted_forest, layout_basic,
          hellmonk_ecumenical_altar_lost_god
D:2:      layout_basic, serial_undead, serial_undead_b, serial_undead_c,
          serial_undead_b, serial_undead_a, serial_undead_c, serial_undead_f,
          serial_undead_e, serial_undead_b, serial_undead_b, serial_undead_a
D:3:      layout_rooms, brannock_xom_greatest_gift, uniq_robin, uniq_grinder,
          uniq_ijyb, uniq_natasha

Skill      XL: |  1  2  3 |
---------------+----------+-----
Dodging        | 2 |  2.1
Unarmed Combat | 3 |  3.5
Fighting       | |  2.1
Throwing       | |  0.6
Armour         | |  0.7
Stealth        | |  0.1
Spellcasting   | |  2.1
Translocations | |  3.5

Action                   |  1- 3 |  4- 6 || total
-------------------------+-------+-------++-------
Melee: Unarmed           |   175 |    46 ||   221
       Tailslap          |    14 |     3 ||    17
       Punch             |     6 |     1 ||     7
Throw: Boomerang         |     7 |       ||     7
Invok: Renounce Religion |     1 |       ||     1
 Abil: Rolling Charge    |    10 |     4 ||    14
  Use: Scroll            |     2 |       ||     2
Armor: Chain mail        |   152 |    29 ||   181
       Leather armour    |     6 |       ||     6
Dodge: Dodged            |    40 |     9 ||    49

Table legend: (Time is in decaauts)
 A = Elapsed time spent in this place.
 B = Non-inter-level travel time spent in this place.
 C = Inter-level travel time spent in this place.
 D = Time resting spent in this place.
 E = Time spent auto-exploring this place.
 F = Levels seen in this place.
 G = Mean time per level.
                   A        B        C        D        E       F      G
               +--------+--------+--------+--------+--------+-----+--------+
         Total |   3103 |   2939 |    164 |    830 |    987 |   3 | 1034.3 |
       Dungeon |   3103 |   2939 |    164 |    830 |    987 |   3 | 1034.3 |
               +--------+--------+--------+--------+--------+-----+--------+

Top non-repeatable levels by time:
     D:2: 1550 daAuts
     D:1: 1540 daAuts
     D:3: 12 daAuts
